Workbook
Name _2: #REF!
Name _SAL93: #REF!
Name _SAL94: #REF!
Name _SAL95: #REF!
Name _SAL96: #REF!
Name _SAL97: #REF!
Name _SAL98: #REF!
Name A: #REF!
Name Alcan: #REF!
Name alcan1: #REF!
Name alcan2: #REF!
Name CiudadL: #REF!
Name DIVERSOS: #REF!
Name EGRESOS: #REF!
Name EntidadL: #REF!
Name FechaL: #REF!
Name GRUPOII: #REF!
Name hoy: #REF!
Name ingresos: #REF!
Name IT: #REF!
Name MANODEOBRA: #REF!
Name Objeto: #REF!
Name PIVA: #REF!
Name PRINT_AREA: #N/A
Name PRINT_AREA_MI: #N/A
Name PRINT_TITLES: #N/A
Name PRINT_TITLES_MI: #N/A
Name ProponenteL: #REF!
Name ProyectoN: #REF!
Name tabla1: #REF!

Sheet OFERTA ECONOMICA
A1: REPUBLICA DE COLOMBIA
A2: DEPARTAMENTO DE CUNDINAMARCA
A3: MUNICIPIO DE RICAURTE
A4: SECRETARIA DE INFRAESTRUCTURA Y OBRAS PUBLICAS
A5: OBJETO: "TRANSPORTE Y SUMINISTRO DE MATERIAL DE RECEBO PARA MANTENIMIENTO DE VIAS RURALES Y URBANAS EN EL MUNICIPIO DE RICAURTE CUNDINAMARCA"
A6: ANEXO DE OFERTA ECONOMICA
A7: ITEM | B7: DESCRIPCION | C7: UND | D7: CANTIDAD | E7: VR. UNITARIO | F7: VR. TOTAL
A8: A. | B8: MANTENIMIENTO DE VIAS
A9: 1 | B9: Transporte y suministro de recebo clasificado zona urbana ( 7 M3-L=10 Km) | C9: VJ. | D9: 31
A10: 2 | B10: Transporte y suministro de recebo clasificado zona rural (7 M3-L ≤ 18 Km) Veredas: El Portal, Las Varas, La Virginia, El Paso, Limoncitos y Llano del Pozo | C10: VJ. | D10: 120
A11: 3 | B11: Transporte y suministro de recebo clasificado zona rural (7 M3-L > 18 Km ≤ 26 Km) Veredas: San Francisco, Manuel Norte, Manuel Sur, La Tetilla, La Carrera, Callejón, Cumaca y Casablanca. | C11: VJ. | D11: 168
B12: TOTAL
A15: Validez de la oferta
B19: NOMBRE E INFORMACION DEL PROPONENTE
F22: Ciudad, fecha

Sheet portada
A1: REPUBLICA DE COLOMBIA
A2: DEPARTAMENTO DE CUNDINAMARCA
A3: MUNICIPIO DE RICAURTE
A4: SECRETARIA DE INFRAESTRUCTURA Y OBRAS PUBLICAS
A5: OBJETO: "SINFRA 040 - TRANSPORTE Y SUMINISTRO DE MATERIAL DE RECEBO PARA MANTENIMIENTO DE VÍAS RURALES Y URBANAS DEL MUNICIPIO DE RICAURTE; CUNDINAMARCA"

Sheet PTTO
A1: REPUBLICA DE COLOMBIA
A2: DEPARTAMENTO DE CUNDINAMARCA
A3: MUNICIPIO DE RICAURTE
A4: SECRETARIA DE INFRAESTRUCTURA Y OBRAS PUBLICAS
A5: OBJETO: "SINFRA 040 - TRANSPORTE Y SUMINISTRO DE MATERIAL DE RECEBO PARA MANTENIMIENTO DE VÍAS RURALES Y URBANAS DEL MUNICIPIO DE RICAURTE; CUNDINAMARCA"
A6: PRESUPUESTO OFICIAL
A7: ITEM | B7: DESCRIPCION | C7: UND | D7: CANTIDAD | E7: VR. UNITARIO | F7: VR. TOTAL
A8: A. | B8: MANTENIMIENTO DE VIAS
A9: 1 | B9: Transporte y suministro de recebo zona urbana ( 7 M3-L=10 Km) | C9: VJ. | D9: 1 | E9: =+z.urbana!H33 -> 389410 | F9: =+E9*D9 -> 389410
A10: 2 | B10: Transporte y suministro de recebo zona rural (7 M3-L ≤ 18 Km) Veredas: El Portal, Las Varas, La Virginia, El Paso, Limoncitos y Llano del Pozo | C10: VJ. | D10: 1 | E10: =+'8 KM '!H33 -> 491498 | F10: =+E10*D10 -> 491498
A11: 3 | B11: Transporte y suministro de recebo zona rural (7 M3-L > 18 Km ≤ 26 Km) Veredas: San Francisco, Manuel Norte, Manuel Sur, La Tetilla, La Carrera, Callejón, Cumaca y Casablanca. | C11: VJ. | D11: 1 | E11: =+'16 KM '!H33 -> 593586 | F11: =+E11*D11 -> 593586
A12: VALOR TOTAL | F12: =SUM(F9:F11) -> 1474494
A13: Fuente:
B14: - Cotizaciones
B15: - APUs elaborados
A16: NOTA:
B17: - Los valores unitarios incluye IVA
B18: - El contrato se celebrará por monto agotable. Así las cosas, el proponente deberá ofertar por valor unitario, la sumatoria de los valores unitarios es la que define el valor total ofertado. El contrato se ejecutará hasta la suma definida como presupuesto oficial, la cual corresponde a DOSCIENTOS MILLONES DE PESOS ($200.000.000,00) M/CTE y se cancelará su valor de acuerdo con el suministro requerido por la Entidad y el valor unitario ofertado.
A20: Proyectó: | C20: Revisó:
B23: Ing. MAYERLI CATERINE YATE TRUJILLO | D23: ING. HECTOR DANIEL MORALES DEVIA
A24: Contratista Profesional de Apoyo SIOP | D24: Secretario de Infraestructura y Obras Publicas (C)
A26: Revisó:
B28: ING. JUAN PABLO AVILA LOMBANA
A29: Contratista Profesional Asesor SIOP
F30: Ricaurte, Mayo de 2026

Sheet ANALISIS DEL MERCADO
A1: REPUBLICA DE COLOMBIA
A2: DEPATAMENTO DE CUNDINAMARCA
A3: MUNICIPIO DE RICAURTE
A4: SECRETARIA DE INFRAESTRUCTURA Y OBRAS PUBLICAS
A5: OBJETO | B5: "SINFRA 040 - TRANSPORTE Y SUMINISTRO DE MATERIAL DE RECEBO PARA MANTENIMIENTO DE VÍAS RURALES Y URBANAS DEL MUNICIPIO DE RICAURTE; CUNDINAMARCA"
A6: ANALISIS DEL MERCADO
A7: ITEM | B7: ACTIVIDAD | C7: UNIDAD | D7: CANTIDAD | E7: VALOR UNITARIO SERVICIOS FERRETEROS CD SAS | F7: VALOR UNITARIO COMERCIALIZADORA Y MULTISERVICIOS LA CANAL J.B | G7: VALOR UNITARIO FERRETERIA EL CASTILLO | H7: VALOR PROMEDIO DE COTIZACION | I7: F.M | J7: TOTAL VALOR UNITARIO
A8: 1 | B8: Suministro de recebo | C8: M3 | D8: 1 | E8: 32000 | F8: 34000 | G8: 36000 | H8: =AVERAGE(E8:G8) -> 34000 | I8: 1.1 | J8: =ROUND(H8*I8,0) -> 37400
A9: COTIZACIONES COMERCIALES
A11: Nota: El Factor de Mayoración se incluye debido a los impuestos nacionales, locales, estampillas y retenciones.
A13: Elaboró: | E13: Revisó:
B15: Ing. MAYERLI CATERINE YATE TRUJILLO | F15: Ing. HECTOR DANIEL MORALES DEVIA
B16: Contratista Profesional de Apoyo SIOP | F16: Secretario de Infraestructura y Obras Públicas (C)
A18: Revisó:
B19: ING. JUAN PABLO AVILA LOMBANA
B20: Contratista Profesional Asesor SIOP | I20: Ricaurte, Mayo de 2026

Sheet z.urbana
A1: ANALISIS DE PRECIOS UNITARIOS
A2: MUNICIPIO DE RICAURTE - CUNDINAMARCA
A3: AÑO 2026
A4: ACTIVIDAD: | B4: Transporte y suministro de recebo clasificado Zona Urbana ( 1,20 M3-L=25 Km) | G4: ITEM | H4: UNIDAD
G5: 1 | H5: VJ
A6: I. EQUIPO
A7: Descripción | D7: Unidad | E7: Tarifa | F7: Rendimiento | G7: Valor-Unit.
G11: Sub-Total | H11: =SUM(G8:G10) -> 0
A12: II. MATERIALES EN OBRA | J12: 2023 | K12: IPC
A13: Descripción | D13: Unidad | E13: Precio-Unit | F13: Cantidad | G13: Valor-Unit. | J13: 16154 | K13: 0.0835 | L13: =ROUND(J13*K13,0) -> 1349 | N13: =+J13*1.0835 -> 17502.859
A14: Recebo en planta | D14: M3 | E14: =+'ANALISIS DEL MERCADO'!J8 -> 37400 | F14: 7 | G14: =+F14*E14 -> 261800
G16: Sub-Total | H16: =SUM(G14:G15) -> 261800
A17: III. TRANSPORTES
A18: Material | C18: Vol-peso ó Cant. | D18: Distancia | E18: M3-Km | F18: Tarifa | G18: Valor-Unit.
A19: Recebo | C19: 7 | D19: 10 | E19: =+D19*C19 -> 70 | F19: 1823 | G19: =+F19*E19 -> 127610 | J19: 1576 | K19: 0.0835 | L19: =ROUND(J19*K19,0) -> 132
G22: Sub-Total | H22: =G19 -> 127610
A24: IV. MANO DE OBRA
A25: Trabajador | C25: Jornal | D25: Prestaciones | E25: Jornal Total | F25: Rendimiento | G25: Valor-Unit.
G29: Sub-Total | H29: =SUM(G26:G28) -> 0
E31: Total Costo Directo | H31: =SUM(H29+H22+H11+H16) -> 389410
E32: Ajuste al peso
E33: Total Costo Directo | H33: =+H31+H32 -> 389410
A35: Elaboró: | E35: Revisó:
B37: Ing. MAYERLI CATERINE YATE TRUJILLO | F37: Ing. HECTOR DANIEL MORALES DEVIA
B38: Contratista Profesional de Apoyo SIOP | F38: Secretario de Infraestructura y Obras Públicas (C)
A39: Revisó:
B40: ING. JUAN PABLO AVILA LOMBANA
B41: Contratista Profesional Asesor SIOP
G42: Ricaurte, Mayo de 2026

Sheet 8 KM 
A1: ANALISIS DE PRECIOS UNITARIOS
A2: MUNICIPIO DE RICAURTE - CUNDINAMARCA
A3: AÑO 2026
A4: ACTIVIDAD: | B4: =+PTTO!B10 -> Transporte y suministro de recebo zona rural (7 M3-L ≤ 18 Km) Veredas: El Portal, Las Varas, La Virginia, El Paso, Limoncitos y Llano del Pozo | G4: ITEM | H4: UNIDAD
G5: 2 | H5: VJ
A6: I. EQUIPO
A7: Descripción | D7: Unidad | E7: Tarifa | F7: Rendimiento | G7: Valor-Unit.
G11: Sub-Total | H11: =SUM(G8:G10) -> 0
A12: II. MATERIALES EN OBRA
A13: Descripción | D13: Unidad | E13: Precio-Unit | F13: Cantidad | G13: Valor-Unit.
A14: Recebo en planta | D14: M3 | E14: =+'ANALISIS DEL MERCADO'!J8 -> 37400 | F14: 7 | G14: =+F14*E14 -> 261800 | J14: 16154
G16: Sub-Total | H16: =SUM(G14:G15) -> 261800
A17: III. TRANSPORTES
A18: Material | C18: Vol-peso ó Cant. | D18: Distancia | E18: M3-Km | F18: Tarifa | G18: Valor-Unit.
A19: Recebo | C19: 7 | D19: 18 | E19: =C19*D19 -> 126 | F19: 1823 | G19: =+F19*E19 -> 229698
G22: Sub-Total | H22: =G19 -> 229698
A24: IV. MANO DE OBRA
A25: Trabajador | C25: Jornal | D25: Prestaciones | E25: Jornal Total | F25: Rendimiento | G25: Valor-Unit.
G29: Sub-Total | H29: =SUM(G26:G28) -> 0
E31: Total Costo Directo | H31: =SUM(H29+H22+H11+H16) -> 491498
E32: Ajuste al peso
E33: Total Costo Directo | H33: =+H31+H32 -> 491498
A35: Elaboró: | E35: Revisó:
B37: Ing. MAYERLI CATERINE YATE TRUJILLO | F37: Ing. HECTOR DANIEL MORALES DEVIA
B38: Contratista Profesional de Apoyo SIOP | F38: Secretario de Infraestructura y Obras Públicas (C)
A39: Revisó:
B40: ING. JUAN PABLO AVILA LOMBANA
B41: Contratista Profesional Asesor SIOP
G42: Ricaurte, Mayo de 2026

Sheet 16 KM  
A1: ANALISIS DE PRECIOS UNITARIOS
A2: MUNICIPIO DE RICAURTE - CUNDINAMARCA
A3: AÑO 2026
A4: ACTIVIDAD: | B4: =+PTTO!B11 -> Transporte y suministro de recebo zona rural (7 M3-L > 18 Km ≤ 26 Km) Veredas: San Francisco, Manuel Norte, Manuel Sur, La Tetilla, La Carrera, Callejón, Cumaca y Casablanca. | G4: ITEM | H4: UNIDAD
G5: 3 | H5: VJ
A6: I. EQUIPO
A7: Descripción | D7: Unidad | E7: Tarifa | F7: Rendimiento | G7: Valor-Unit.
G11: Sub-Total | H11: =SUM(G8:G10) -> 0
A12: II. MATERIALES EN OBRA
A13: Descripción | D13: Unidad | E13: Precio-Unit | F13: Cantidad | G13: Valor-Unit.
A14: Recebo en planta | D14: M3 | E14: =+'ANALISIS DEL MERCADO'!J8 -> 37400 | F14: 7 | G14: =+F14*E14 -> 261800
G16: Sub-Total | H16: =SUM(G14:G15) -> 261800
A17: III. TRANSPORTES
A18: Material | C18: Vol-peso ó Cant. | D18: Distancia | E18: M3-Km | F18: Tarifa | G18: Valor-Unit.
A19: Recebo | C19: 7 | D19: 26 | E19: =C19*D19 -> 182 | F19: 1823 | G19: =+F19*E19 -> 331786
G22: Sub-Total | H22: =G19 -> 331786
A24: IV. MANO DE OBRA
A25: Trabajador | C25: Jornal | D25: Prestaciones | E25: Jornal Total | F25: Rendimiento | G25: Valor-Unit.
G29: Sub-Total | H29: =SUM(G26:G28) -> 0
E31: Total Costo Directo | H31: =SUM(H29+H22+H11+H16) -> 593586
E32: Ajuste al peso
E33: Total Costo Directo | H33: =+H31+H32 -> 593586
A35: Elaboró: | E35: Revisó:
B37: Ing. MAYERLI CATERINE YATE TRUJILLO | F37: Ing. HECTOR DANIEL MORALES DEVIA
B38: Contratista Profesional de Apoyo SIOP | F38: Secretario de Infraestructura y Obras Públicas (C)
A40: Revisó:
B41: ING. JUAN PABLO AVILA LOMBANA
B42: Contratista Profesional Asesor SIOP
G43: Ricaurte, Mayo de 2026

Sheet ADM.
A1: ALCALDIA MUNICIPAL DE RICAURTE
A2: DEPARTAMENTO DE CUNDINAMARCA
A3: SECRETARIA DE INFRAESTRUCTURA Y OBRAS PÚBLICAS
A6: FACTOR MULTIPLICADOR
A7: =+PTTO!$A$5 -> OBJETO: "SINFRA 040 - TRANSPORTE Y SUMINISTRO DE MATERIAL DE RECEBO PARA MANTENIMIENTO DE VÍAS RURALES Y URBANAS DEL MUNICIPIO DE RICAURTE; CUNDINAMARCA"
A11: DESGLOSE IMPUESTOS Y RETENCIONES
A12: ITEM | B12: DETALLE | E12: INCIDENCIA %
A13: B1 | B13: Retención de ICA | E13: 0.01
A14: B2 | B14: Estampilla Adulto Mayor | E14: 0.03
A15: B3 | B15: Estampilla Pro Cultura | E15: 0.02
A16: B4 | B16: Estampilla Pro Deporte | E16: 0.01
A17: B5 | B17: Estampilla para la justicia familiar | E17: 0.02
B18: TOTAL | E18: =SUM(E13:E17) -> 0.09
A21: Proyectó: | E21: Revisó:
A25: ING.MAYERLI CATERINE YATE TRUJILLO | E25: ING. HECTOR DANIEL MORALES DEVIA
A26: Contratista Profesional de Apoyo SIOP | E26: Secretario de Infraestructura y Obras Publicas (C)
A29: Revisó:
A33: ING. JUAN PABLO AVILA LOMBANA
A34: Contratista Profesional Asesor SIOP
F35: Ricaurte, Noviembre de 2025

Sheet Hoja1
A1: CANTERA No.0 1 | E1: 25000 | F1: =+E1*1.19 -> 29750
A2: DESDE | C2: HASTA
A3: CANTERA CALIFORNIA | C3: ALCALDÍA MUNICIPAL DE RICAURTE
A4: DISTANCIA (KM) | C4: TIEMPO
A5: 13.8 | C5: 26 MIN
A8: CANTERA No.0 2 | E8: 17000 | F8: =+E8*1.19 -> 20230
A9: DESDE | C9: HASTA
A10: CANTERA JUANCHITO | C10: ALCALDÍA MUNICIPAL DE RICAURTE
A11: DISTANCIA (KM) | C11: TIEMPO
A12: 5 | C12: 8 MIN
A15: CANTERA No.0 3 | E15: 16000 | F15: =+E15*1.19 -> 19040
A16: DESDE | C16: HASTA
A17: CONCRETOS FLORESTA | C17: ALCALDÍA MUNICIPAL DE RICAURTE
A18: DISTANCIA (KM) | C18: TIEMPO
A19: 11
